[ AOE2 MATCH · #506219848 ]
UnrankedBulgarians vs Burmese
Player's team · WIN
Rival team · LOSS
[ REPLAY ANALYSIS · EXTRACTED FROM THE RECORDED GAME ]
Feudal
10:53
Castle
—
Imperial
—
| APM avg | 69.0 |
| APM peak | 118 |
| eAPM avg | 27.6 |
| Villagers / military | 49 / 38 |
Focus
⚔️ 33.8% · 🌾 66.2%
Skirmisher ×18 · Scout Cavalry ×13 · Archer ×4 · Militia ×3
Feudal
8:54
Castle
—
Imperial
—
| APM avg | 51.9 |
| APM peak | 87 |
| eAPM avg | 20.2 |
| Villagers / military | 47 / 27 |
Focus
⚔️ 32.2% · 🌾 67.8%
Militia ×16 · Archer ×9 · Spearman ×2
Match map
Initial resources + every placement click. Lines = walls · curves = elevation contours. ◆ gold · ⬟ stone · ● berries · ✦ relic · ◌ wall gap
Your base· Open — unwalled flank
zagaluke's base· Open — opponent sealed themselves in
Smoothed initial terrain · ◌ = detected wall gap · hover for details
Inputs per minute
— uel - - zagaluke
Build order — uel
First 150 of 177 actions detected
| 0:01 | Create | Villager (Male) |
| 0:01 | Create | Villager (Male) |
| 0:01 | Create | Villager (Male) |
| 0:02 | Build | House |
| 0:03 | Build | House |
| 0:14 | Create | Villager (Male) |
| 0:15 | Create | Villager (Male) |
| 1:25 | Create | Villager (Male) |
| 1:42 | Create | Villager (Male) |
| 1:52 | Build | Lumber Camp |
| 2:05 | Create | Villager (Male) |
| 2:35 | Create | Villager (Male) |
| 3:06 | Create | Villager (Male) |
| 3:06 | Create | Villager (Male) |
| 3:34 | Create | Villager (Male) |
| 3:35 | Create | Villager (Male) |
| 3:49 | Build | House |
| 3:50 | Build | House |
| 4:01 | Create | Villager (Male) |
| 4:23 | Create | Villager (Male) |
| 4:44 | Create | Villager (Male) |
| 4:59 | Build | Barracks |
| 5:02 | Build | Barracks |
| 5:11 | Create | Villager (Male) |
| 5:22 | Build | Palisade Wall |
| 5:23 | Build | Palisade Wall |
| 5:31 | Create | Villager (Male) |
| 6:02 | Create | Villager (Male) |
| 6:14 | Build | House |
| 6:15 | Create | Militia |
| 6:20 | Create | Militia |
| 6:22 | Create | Villager (Male) |
| 6:35 | Build | Mill |
| 6:44 | Create | Villager (Male) |
| 6:50 | Create | Villager (Male) |
| 6:59 | Create | Militia |
| 7:01 | Create | Villager (Male) |
| 7:14 | Create | Villager (Male) |
| 7:30 | Research | Loom |
| 8:43 | Research | Feudal Age |
| 9:00 | Build | Lumber Camp |
| 9:06 | Build | Palisade Wall |
| 9:06 | Build | Palisade Wall |
| 9:18 | Build | Palisade Wall |
| 9:20 | Build | Palisade Wall |
| 9:21 | Build | Palisade Wall |
| 9:31 | Build | Palisade Wall |
| 9:31 | Build | Palisade Wall |
| 9:38 | Build | Farm |
| 9:40 | Build | Farm |
| 9:41 | Create | Villager (Male) |
| 9:44 | Build | Palisade Wall |
| 9:45 | Build | Palisade Wall |
| 9:50 | Build | Farm |
| 9:52 | Build | Farm |
| 9:55 | Build | Palisade Wall |
| 9:56 | Build | Palisade Wall |
| 9:56 | Build | Palisade Wall |
| 10:04 | Build | Palisade Wall |
| 10:13 | Build | Farm |
| 10:24 | Build | Palisade Wall |
| 10:32 | Build | Palisade Wall |
| 10:45 | Build | Palisade Wall |
| 10:48 | Build | Palisade Wall |
| 10:49 | Build | Palisade Wall |
| 10:51 | Build | Palisade Wall |
| 10:53 | Age | Feudal Age |
| 11:01 | Research | Double-Bit Axe |
| 11:01 | Create | Villager (Male) |
| 11:26 | Create | Villager (Male) |
| 11:29 | Research | Horse Collar |
| 11:29 | Research | Horse Collar |
| 11:56 | Build | Archery Range |
| 11:57 | Create | Villager (Male) |
| 12:10 | Create | Villager (Male) |
| 12:11 | Build | Farm |
| 12:19 | Build | Palisade Wall |
| 12:48 | Create | Skirmisher |
| 12:49 | Create | Skirmisher |
| 12:51 | Build | House |
| 12:54 | Create | Villager (Male) |
| 12:58 | Build | Blacksmith |
| 13:06 | Create | Villager (Male) |
| 13:15 | Create | Skirmisher |
| 13:15 | Build | House |
| 13:56 | Create | Skirmisher |
| 14:01 | Build | Stable |
| 14:02 | Create | Villager (Male) |
| 14:26 | Research | Forging |
| 14:30 | Create | Villager (Male) |
| 14:33 | Build | House |
| 14:35 | Build | Farm |
| 14:42 | Create | Villager (Male) |
| 14:47 | Build | House |
| 14:52 | Build | Mill |
| 15:04 | Create | Skirmisher |
| 15:10 | Build | Palisade Gate |
| 15:21 | Create | Skirmisher |
| 15:36 | Create | Skirmisher |
| 15:45 | Create | Skirmisher |
| 15:49 | Build | Farm |
| 16:00 | Create | Skirmisher |
| 16:05 | Build | House |
| 16:11 | Create | Scout Cavalry |
| 16:21 | Research | Scale Mail Armor |
| 16:21 | Research | Scale Mail Armor |
| 16:43 | Research | Scale Barding Armor |
| 16:46 | Create | Scout Cavalry |
| 16:50 | Build | Farm |
| 16:50 | Build | Farm |
| 16:50 | Build | Farm |
| 16:59 | Create | Skirmisher |
| 17:13 | Create | Scout Cavalry |
| 17:29 | Create | Villager (Male) |
| 17:38 | Create | Villager (Male) |
| 17:39 | Create | Skirmisher |
| 17:43 | Create | Villager (Male) |
| 17:50 | Create | Skirmisher |
| 18:01 | Create | Scout Cavalry |
| 18:10 | Build | Mining Camp |
| 18:11 | Create | Villager (Male) |
| 18:15 | Create | Skirmisher |
| 18:28 | Build | Farm |
| 18:30 | Create | Villager (Male) |
| 18:33 | Build | Palisade Wall |
| 18:42 | Build | Palisade Wall |
| 18:45 | Create | Villager (Male) |
| 18:46 | Build | Farm |
| 18:47 | Build | Farm |
| 18:52 | Build | Palisade Wall |
| 18:56 | Build | Palisade Wall |
| 19:00 | Build | House |
| 19:04 | Create | Scout Cavalry |
| 19:10 | Research | Padded Archer Armor |
| 19:12 | Create | Skirmisher |
| 19:33 | Research | Fletching |
| 19:35 | Create | Scout Cavalry |
| 19:38 | Create | Skirmisher |
| 19:41 | Create | Skirmisher |
| 20:04 | Create | Scout Cavalry |
| 20:04 | Create | Villager (Male) |
| 20:07 | Build | Palisade Wall |
| 20:10 | Build | House |
| 20:20 | Build | House |
| 20:21 | Create | Villager (Male) |
| 20:23 | Build | Farm |
| 20:28 | Build | Palisade Wall |
| 20:36 | Create | Scout Cavalry |
| 20:40 | Build | Farm |
| 20:56 | Create | Villager (Male) |
Build order — zagaluke
142 actions detected in the replay
| 0:00 | Create | Villager (Male) |
| 0:00 | Create | Villager (Male) |
| 0:02 | Build | House |
| 0:03 | Build | House |
| 0:07 | Create | Villager (Male) |
| 0:07 | Create | Villager (Male) |
| 1:25 | Create | Villager (Male) |
| 1:49 | Build | Lumber Camp |
| 1:56 | Create | Villager (Male) |
| 2:15 | Create | Villager (Male) |
| 2:48 | Create | Villager (Male) |
| 3:21 | Create | Villager (Male) |
| 3:21 | Create | Villager (Male) |
| 3:31 | Create | Villager (Male) |
| 3:48 | Build | House |
| 3:54 | Create | Villager (Male) |
| 4:09 | Create | Villager (Male) |
| 4:35 | Create | Villager (Male) |
| 4:58 | Build | Barracks |
| 5:01 | Create | Villager (Male) |
| 5:24 | Build | House |
| 5:27 | Build | Palisade Wall |
| 5:52 | Create | Villager (Male) |
| 6:05 | Research | Loom |
| 6:06 | Research | Loom |
| 6:44 | Research | Feudal Age |
| 7:02 | Create | Militia |
| 7:02 | Create | Militia |
| 7:05 | Build | Mining Camp |
| 7:20 | Create | Militia |
| 7:44 | Create | Militia |
| 7:54 | Build | House |
| 8:06 | Create | Militia |
| 8:09 | Build | Palisade Wall |
| 8:11 | Build | Palisade Wall |
| 8:22 | Build | Palisade Wall |
| 8:23 | Build | Palisade Wall |
| 8:28 | Build | Palisade Wall |
| 8:29 | Build | Palisade Wall |
| 8:54 | Age | Feudal Age |
| 9:01 | Build | Mill |
| 9:05 | Build | House |
| 9:07 | Build | Palisade Wall |
| 9:09 | Build | Palisade Wall |
| 9:19 | Research | Man-at-Arms (upgrade) |
| 9:43 | Build | Farm |
| 9:44 | Build | Farm |
| 9:52 | Create | Villager (Male) |
| 10:09 | Build | Palisade Wall |
| 10:25 | Build | Farm |
| 10:27 | Create | Villager (Male) |
| 10:57 | Create | Villager (Male) |
| 11:02 | Build | Farm |
| 11:09 | Build | Archery Range |
| 11:24 | Create | Villager (Male) |
| 11:29 | Build | Farm |
| 11:51 | Create | Villager (Male) |
| 11:53 | Build | Farm |
| 12:01 | Research | Arson |
| 12:02 | Research | Arson |
| 12:07 | Create | Archer |
| 12:07 | Create | Archer |
| 12:19 | Create | Villager (Male) |
| 12:19 | Create | Villager (Male) |
| 12:27 | Build | Farm |
| 12:53 | Create | Villager (Male) |
| 12:55 | Create | Archer |
| 13:01 | Create | Villager (Male) |
| 13:03 | Build | Farm |
| 13:23 | Create | Villager (Male) |
| 13:27 | Build | House |
| 13:33 | Create | Archer |
| 13:45 | Create | Villager (Male) |
| 14:01 | Create | Villager (Male) |
| 14:06 | Build | Blacksmith |
| 14:17 | Create | Villager (Male) |
| 14:42 | Build | Farm |
| 14:51 | Research | Fletching |
| 15:02 | Create | Villager (Male) |
| 15:30 | Create | Villager (Male) |
| 15:35 | Create | Archer |
| 15:35 | Create | Archer |
| 15:54 | Create | Villager (Male) |
| 15:58 | Create | Archer |
| 16:13 | Create | Villager (Male) |
| 16:14 | Research | Town Watch |
| 16:19 | Create | Archer |
| 16:40 | Create | Villager (Male) |
| 16:49 | Build | Farm |
| 16:50 | Build | Farm |
| 16:51 | Build | Farm |
| 16:52 | Build | Farm |
| 17:10 | Create | Villager (Male) |
| 17:28 | Create | Villager (Male) |
| 17:34 | Research | Wheelbarrow |
| 17:36 | Build | House |
| 17:42 | Create | Villager (Male) |
| 17:46 | Build | Farm |
| 17:46 | Build | Farm |
| 18:12 | Create | Villager (Male) |
| 18:13 | Create | Militia |
| 18:14 | Create | Militia |
| 18:22 | Create | Villager (Male) |
| 18:25 | Build | Farm |
| 18:26 | Build | Farm |
| 18:30 | Build | Palisade Wall |
| 18:35 | Build | Palisade Wall |
| 18:37 | Build | Palisade Wall |
| 18:41 | Create | Militia |
| 18:43 | Create | Archer |
| 18:49 | Build | House |
| 18:52 | Build | Palisade Wall |
| 19:06 | Create | Militia |
| 19:14 | Create | Villager (Male) |
| 19:44 | Research | Scale Mail Armor |
| 19:49 | Build | Lumber Camp |
| 20:08 | Create | Villager (Male) |
| 20:09 | Create | Militia |
| 20:09 | Create | Militia |
| 20:11 | Build | Farm |
| 20:24 | Create | Militia |
| 20:47 | Build | Farm |
| 20:59 | Create | Villager (Male) |
| 21:20 | Build | Mining Camp |
| 21:20 | Create | Villager (Male) |
| 21:37 | Build | Farm |
| 21:37 | Build | Farm |
| 21:45 | Create | Villager (Male) |
| 22:20 | Create | Spearman |
| 22:21 | Create | Spearman |
| 22:27 | Research | Castle Age |
| 22:27 | Research | Castle Age |
| 22:33 | Build | Market |
| 22:42 | Create | Villager (Male) |
| 22:54 | Build | Palisade Wall |
| 23:06 | Create | Villager (Male) |
| 23:08 | Create | Militia |
| 23:08 | Create | Militia |
| 23:23 | Create | Militia |
| 23:27 | Build | Barracks |
| 24:14 | Create | Villager (Male) |
| 24:16 | Create | Militia |
Match timeline
| 4:58 | zagaluke · first_building Barracks |
| 4:59 | uel · first_building Barracks |
| 5:22 | uel · wall_segment Palisade Wall x1 |
| 5:23 | uel · wall_segment Palisade Wall x1 |
| 5:27 | zagaluke · wall_segment Palisade Wall x1 |
| 8:09 | zagaluke · wall_segment Palisade Wall x1 |
| 8:11 | zagaluke · wall_segment Palisade Wall x1 |
| 8:22 | zagaluke · wall_segment Palisade Wall x3 |
| 8:23 | zagaluke · wall_segment Palisade Wall x2 |
| 8:28 | zagaluke · wall_segment Palisade Wall x1 |
| 8:29 | zagaluke · wall_segment Palisade Wall x1 |
| 8:54 | zagaluke · age_up feudal |
| 9:06 | uel · wall_segment Palisade Wall x1 |
| 9:06 | uel · wall_segment Palisade Wall x1 |
| 9:07 | zagaluke · wall_segment Palisade Wall x1 |
| 9:09 | zagaluke · wall_segment Palisade Wall x1 |
| 9:18 | uel · wall_segment Palisade Wall x1 |
| 9:20 | uel · wall_segment Palisade Wall x1 |
| 9:21 | uel · wall_segment Palisade Wall x1 |
| 9:31 | uel · wall_segment Palisade Wall x1 |
| 9:31 | uel · wall_segment Palisade Wall x1 |
| 9:44 | uel · wall_segment Palisade Wall x1 |
| 9:45 | uel · wall_segment Palisade Wall x6 |
| 9:55 | uel · wall_segment Palisade Wall x1 |
| 9:56 | uel · wall_segment Palisade Wall x1 |
| 9:56 | uel · wall_segment Palisade Wall x1 |
| 10:04 | uel · wall_segment Palisade Wall x1 |
| 10:09 | zagaluke · wall_segment Palisade Wall x1 |
| 10:24 | uel · wall_segment Palisade Wall x1 |
| 10:32 | uel · wall_segment Palisade Wall x1 |
| 10:45 | uel · wall_segment Palisade Wall x4 |
| 10:48 | uel · wall_segment Palisade Wall x1 |
| 10:49 | uel · wall_segment Palisade Wall x1 |
| 10:51 | uel · wall_segment Palisade Wall x1 |
| 10:53 | uel · age_up feudal |
| 11:09 | zagaluke · first_building Archery Range |
| 11:56 | uel · first_building Archery Range |
| 12:19 | uel · wall_segment Palisade Wall x4 |
| 14:01 | uel · first_building Stable |
| 18:30 | zagaluke · wall_segment Palisade Wall x8 |
| 18:33 | uel · wall_segment Palisade Wall x7 |
| 18:35 | zagaluke · wall_segment Palisade Wall x8 |
| 18:37 | zagaluke · wall_segment Palisade Wall x4 |
| 18:42 | uel · wall_segment Palisade Wall x10 |
| 18:52 | zagaluke · wall_segment Palisade Wall x1 |
| 18:52 | uel · wall_segment Palisade Wall x14 |
| 18:56 | uel · wall_segment Palisade Wall x9 |
| 20:07 | uel · wall_segment Palisade Wall x17 |
| 20:28 | uel · wall_segment Palisade Wall x6 |
| 22:54 | zagaluke · wall_segment Palisade Wall x1 |
| 24:47 | zagaluke · resign |
[ AI ANALYSIS · 1 CREDIT ]
What really happened in this match?
Wolo.gg analyzes every decision: build order, eco, micro, common mistakes by bracket. Personalized analysis on WhatsApp or Discord in 30 seconds.
Civ guide
Bulgarians
Perfil
uel